 Dungeon Crawl Stone Soup version 0.29-a0-409-gd843f3a48c (webtiles) character file.

Game seed: 14966224778310875672

17151 spaghetti the Basher (level 12, 0/97 HPs)
             Began as a Gnoll Berserker on May 13, 2022.
             Was a Priest of Trog.
             Slain by a minotaur
             ... wielding the +8 trident of Imuoxip {freeze, Str+4}
              (1 damage)
             ... in a Gauntlet.
             The game lasted 00:22:47 (13723 turns).

spaghetti the Basher (Gnoll Berserker)             Turns: 13723, Time: 00:22:48

Health: 0/97       AC: 18    Str: 20    XL:     12   Next: 45%
Magic:  22/22      EV: 14    Int:  7    God:    Trog [***...]
Gold:   473        SH:  6    Dex: 13    Spells: 25/25 levels left

rFire   . . .      SeeInvis .   F - +10 short sword of Amortisation {vorpal, rPois rN+ Will+, short}
rCold   . . .      Faith    .   h - +0 buckler
rNeg    + . .      Spirit   .   p - +0 acid dragon scales
rPois   +          Reflect  .   a - +1 helmet
rElec   .          Harm     .   K - +2 cloak {rPois}
rCorr   +          Rampage  .   (no gloves)
Will    +++..      NoTele   +   (no boots)
Stlth   +++.......              o - amulet of the acrobat
HPRegen 1.26/turn               N - +4 ring of slaying
MPRegen 0.18/turn               M - +4 ring of protection

@: strong-willed, on berserk cooldown, regenerating, slowed, studying
Translocations, very slow
A: fangs 1, strong nose, distributed training
a: Renounce Religion, Berserk, Trog's Hand


You were in a Gauntlet.
You worshipped Trog.
Trog was most pleased with you.
You visited 2 branches of the dungeon, and saw 12 of its levels.
You also visited: Gauntlet.

You collected 749 gold pieces.
You spent 276 gold pieces at shops.


Innate Abilities, Weirdness & Mutations

You have very sharp teeth.
Your uncanny sense of smell can sniff out nearby items.
Your experience applies equally to all skills.


   Skills:
 + Level 9.9 Fighting
 + Level 7.3 Short Blades
 + Level 7.3 Long Blades
 + Level 7.3 Axes
 + Level 9.9 Maces & Flails
 + Level 7.3 Polearms
 + Level 7.3 Staves
 + Level 7.3 Slings
 + Level 7.3 Bows
 + Level 7.3 Crossbows
 + Level 7.3 Throwing
 + Level 8.7 Armour
 + Level 8.7 Dodging
 + Level 7.3 Stealth
 + Level 7.3 Shields
 + Level 7.3 Unarmed Combat
 + Level 7.3 Spellcasting
 + Level 6.0 Conjurations
 + Level 6.0 Hexes
 + Level 6.0 Summonings
 + Level 6.0 Necromancy
 + Level 6.2 Translocations
 + Level 6.0 Transmutations
 + Level 6.0 Fire Magic
 + Level 6.0 Ice Magic
 + Level 6.0 Air Magic
 + Level 6.0 Earth Magic
 + Level 6.0 Poison Magic
 + Level 8.0 Invocations
 + Level 7.3 Evocations


You had 25 spell levels left.
You didn't know any spells.
Your spell library contained the following spells:

 Spells                   Type           Power      Damage    Failure   Level
 Magic Dart               Conj           44%        1d5       3%          1
 Sting                    Tmut/Pois      44%        1d5       3%          1
 Call Imp                 Summ           11%        N/A       4%          2
 Poisonous Vapours        Pois/Air       22%        N/A       4%          2
 Gell's Gravitas          Tloc           11%        N/A       9%          3
 Mephitic Cloud           Conj/Pois/Air  11%        N/A       9%          3
 Ozocubu's Armour         Ice            11%        N/A       9%          3
 Teleport Other           Tloc           11%        N/A       9%          3
 Tukima's Dance           Hex            11%        N/A       9%          3
 Anguish                  Hex/Necr       5%         N/A       28%         4
 Olgreb's Toxic Radiance  Pois           11%        N/A       28%         4
 Summon Ice Beast         Ice/Summ       11%        N/A       28%         4
 Metabolic Englaciation   Hex/Ice        5%         N/A       63%         5
 Summon Mana Viper        Hex/Summ       11%        N/A       63%         5
 Dispersal                Tloc           5%         N/A       99%         6
 Simulacrum               Ice/Necr       5%         N/A       99%         6
 Enfeeble                 Hex            5%         N/A       100%        7
 Monstrous Menagerie      Summ           5%         N/A       100%        7
 Ozocubu's Refrigeration  Ice            5%         4d6       100%        7

Inventory:

Hand Weapons
 F - the +10 short sword of Amortisation (weapon) {vorpal, rPois rN+ Will+, short}
   (You found it on level 8 of the Dungeon)

   It inflicts extra damage upon your enemies.
   rPois:     It protects you from poison.
   rN:        It protects you from negative energy.
   Will:      It increases your willpower.
 G - the +7 mace of Dirauss {drain, Str+5, mace}
   (You found it on level 4 of the Dungeon)

   A truly terrible weapon, it drains the life of any living foe it strikes.
   Str:       It affects your strength (+5).
 Q - a +0 demon whip of venom {mace}
   (You took it off Amaemon on level 3 of the Lair of Beasts)
Missiles
 c - 365 stones (quivered) {throwing}
 w - a curare-tipped dart {=fthrowing}
 x - 29 poisoned darts {throwing}
 H - 7 boomerangs {throwing}
Armour
 a - a +1 helmet (worn)
   (You found it on level 9 of the Dungeon)
 h - a +0 buckler (worn)
   (You found it on level 1 of the Dungeon)
 p - +0 acid dragon scales (worn)
   (You found it on level 3 of the Dungeon)
 K - a +2 cloak of poison resistance (worn)
   (You took it off Crazy Yiuf on level 4 of the Dungeon)
Jewellery
 e - a ring of fire
   (You found it on level 6 of the Dungeon)
 k - a ring of ice
   (You found it on level 2 of the Dungeon)
 o - an amulet of the acrobat (around neck)
   (You found it on level 2 of the Dungeon)
 M - a +4 ring of protection (right hand)
   (You found it on level 2 of the Lair of Beasts)
 N - a +4 ring of slaying (left hand)
   (You found it on level 8 of the Dungeon)
Wands
 g - a wand of digging (3)
   (You found it on level 6 of the Dungeon)
 l - a wand of paralysis (20)
   (You found it on level 5 of the Dungeon)
 n - a wand of charming (13)
   (You found it on level 2 of the Dungeon)
 L - a wand of iceblast (10)
   (You found it on level 8 of the Dungeon)
Scrolls
 f - 4 scrolls of immolation {!r!r}
 i - 2 scrolls of amnesia
 j - 3 scrolls of enchant armour
 r - a scroll of vulnerability {!r!r}
 u - 5 scrolls of enchant weapon
 v - 4 scrolls of magic mapping {!r}
 y - 3 scrolls of teleportation {@r4}
 B - a scroll of torment {unknown}
 C - a scroll of fear {unknown}
 D - a scroll of blinking {unknown}
 E - a scroll of silence {!r}
 O - a scroll of fog
Potions
 b - a potion of mutation {unknown}
 d - 2 potions of might
 m - 2 potions of lignification {unknown}
 q - 2 potions of degeneration {unknown}
 s - 2 potions of flight {unknown}
 t - a potion of ambrosia {unknown}
 z - a potion of cancellation {unknown}
 A - 4 potions of attraction {!q}
 I - 4 potions of curing {@q1}
 J - a potion of resistance {unknown}
 R - a potion of berserk rage {!q}

Dungeon Overview and Level Annotations

Branches:
Dungeon (9/15)             Temple (0/1) D:6            Lair (3/6) D:9
Gauntlet (1/1)
  Swamp: Lair:2-4    Shoals: Lair:2-4     Snake: Lair:2-4    Spider: Lair:2-4
    Orc: D:9-12

Altars:
Cheibriados
Ru

Shops:
D:2 [   D:3 ?((   D:8 [

Annotations:
D:9 1 exclusion Gauntlet 2 transporters, 1 runed translucent door

##...#≈≈≈##########
8#...#...##....##.####
©#.8.#......##.##....#
8#.⌠.#.8.##.##....##.##
##.8.#.©.##....##.##..#
©#...#.8....##.##....##
##...#.©.##§##....##.##
.#.8.#.8.##§§H.######.#
.#.∩.#.©.§§@##.'...∩###
.#.8.#.8.##§##.######
+#...#.©.##§§..#
.#...#.8....##.#
#.8.#.©.##.##.. .
#....# ..##.# #.##..


You could see a minotaur.


Message History

You feel yourself moving faster!
You feel mighty!
You can no longer call in reinforcements.
The minotaur hits you with the +8 trident of Imuoxip {freeze, Str+4}!
* * * LOW HITPOINT WARNING * * *
The minotaur freezes you.
* * * LOW HITPOINT WARNING * * *
The minotaur misses you. 😱 HP[-1]
You now have 145 max hp (+48).
Unknown command.
Unknown command.
The minotaur blocks your attack. 😱 HP[+1]
You completely miss the minotaur.
The minotaur furiously retaliates!
The minotaur headbutts you, but does no damage.
You bite the minotaur.
The minotaur hits you with the +8 trident of Imuoxip {freeze, Str+4}.
* * * LOW HITPOINT WARNING * * *
The minotaur freezes you.
* * * LOW HITPOINT WARNING * * *
The minotaur gores you!
* * * LOW HITPOINT WARNING * * *
😱 HP[-20]
You take 20 damage, and now have 10/145 hp.
Unknown command.
Unknown command.
The minotaur completely misses you.
There is an open door here.
You feel a strong urge to attack something. 😱 HP[+1] 😱 HP[+1]
You feel your anger nearly subside. 😱 HP[+1]
You are no longer berserk.
You are exhausted.
You feel yourself slow down. 😱 HP[-4]
You now have 97 max hp (-48).
Okay, then.
Okay, then.
Okay, then.
You feel much better.
The minotaur throws a silver javelin.
The silver javelin pierces through you!!
* * * LOW HITPOINT WARNING * * *
x2 😱 HP[-1]
You take 1 damage, and now have 8/97 hp.
Aiming: Iceblast
Press: ? - help, Shift-Dir - straight line, f - minotaur
Aim: a minotaur, wielding the +8 trident of Imuoxip {freeze, Str+4}, wearing a +0 chain mail, wearing a +0 kite shield and quivering silver javelins (moderately wounded)
Okay, then.
As you read the scroll of fog, it crumbles to dust.
The scroll dissolves into smoke.
You feel the effects of Trog's Hand fading. 😱 HP[+2]
You regained 2 hp, and now have 10/97 hp.
Aiming: Paralyse
Press: ? - help, Shift-Dir - straight line, f - minotaur
Aim: a minotaur, wielding the +8 trident of Imuoxip {freeze, Str+4}, wearing a +0 chain mail, wearing a +0 kite shield and quivering silver javelins (black smoke, moderately wounded, chance to affect: 7%)
Okay, then.
Okay, then.
Okay, then.
You feel much better. You block the minotaur's attack.
The minotaur hits you from afar with the +8 trident of Imuoxip {freeze, Str+4}!
* * * LOW HITPOINT WARNING * * *
The minotaur freezes you.
* * * LOW HITPOINT WARNING * * *
😱 HP[+11]
You regained 11 hp, and now have 21/97 hp.
Your skin crawls.
You feel strong-willed.
The minotaur barely misses you. 😱 HP[+2]
You regained 2 hp, and now have 23/97 hp.
You feel much better.
The minotaur hits you but does no damage.
The minotaur throws a silver javelin.
The silver javelin pierces through you!!
* * * LOW HITPOINT WARNING * * *
x2 😱 HP[-5]
You take 5 damage, and now have 18/97 hp.
You feel much better.
The minotaur barely misses you. 😨 HP[+25]
You regained 25 hp, and now have 43/97 hp.
You don't know any spells.
Unknown command.
Okay, then.
Okay, then.
Okay, then.
Aiming: Iceblast
Press: ? - help, Shift-Dir - straight line, f - minotaur
Aim: a minotaur, wielding the +8 trident of Imuoxip {freeze, Str+4}, wearing a +0 chain mail, wearing a +0 kite shield and quivering silver javelins (black smoke, moderately wounded)
The mass of ice explodes!
The iceblast engulfs the minotaur!!
The minotaur hits you from afar with the +8 trident of Imuoxip {freeze, Str+4}!!
* * * LOW HITPOINT WARNING * * *
The minotaur freezes you!
* * * LOW HITPOINT WARNING * * *
The minotaur hits you from afar with the +8 trident of Imuoxip {freeze, Str+4}.
* * * LOW HITPOINT WARNING * * *
The minotaur freezes you.
You die...

Skill      XL: |  1  2  3  4  5  6  7  8  9 10 11 12 |
---------------+-------------------------------------+-----
Invocations    | 1 2 3 4 5 6 7 8 |  8.0
Short Blades   | 1 2 3 4 5 6 7 |  7.3
Long Blades    | 1 2 3 4 5 6 7 |  7.3
Axes           | 1 2 3 4 5 6 7 |  7.3
Polearms       | 1 2 3 4 5 6 7 |  7.3
Staves         | 1 2 3 4 5 6 7 |  7.3
Slings         | 1 2 3 4 5 6 7 |  7.3
Bows           | 1 2 3 4 5 6 7 |  7.3
Crossbows      | 1 2 3 4 5 6 7 |  7.3
Throwing       | 1 2 3 4 5 6 7 |  7.3
Stealth        | 1 2 3 4 5 6 7 |  7.3
Shields        | 1 2 3 4 5 6 7 |  7.3
Unarmed Combat | 1 2 3 4 5 6 7 |  7.3
Spellcasting   | 1 2 3 4 5 6 7 |  7.3
Evocations     | 1 2 3 4 5 6 7 |  7.3
Conjurations   | 1 2 3 4 5 6 |  6.0
Hexes          | 1 2 3 4 5 6 |  6.0
Summonings     | 1 2 3 4 5 6 |  6.0
Necromancy     | 1 2 3 4 5 6 |  6.0
Translocations | 1 2 3 4 5 6 |  6.2
Transmutations | 1 2 3 4 5 6 |  6.0
Fire Magic     | 1 2 3 4 5 6 |  6.0
Ice Magic      | 1 2 3 4 5 6 |  6.0
Air Magic      | 1 2 3 4 5 6 |  6.0
Earth Magic    | 1 2 3 4 5 6 |  6.0
Poison Magic   | 1 2 3 4 5 6 |  6.0
Armour         | 5 6 7 8 |  8.7
Dodging        | 5 6 7 8 |  8.7
Fighting       | 7 8 9 |  9.9
Maces & Flails | 7 8 9 |  9.9

Action                   |  1- 3 |  4- 6 |  7- 9 | 10-12 || total
-------------------------+-------+-------+-------+-------++-------
Melee: Mace              |    91 |   133 |   310 |    34 ||   568
       Bite              |     4 |    13 |    32 |    51 ||   100
       Short sword       |       |       |       |   377 ||   377
Throw: Stone             |    10 |    74 |   128 |   209 ||   421
Invok: Berserk           |       |     3 |    10 |    12 ||    25
       Trog's Hand       |       |       |     6 |     5 ||    11
Evoke: Wand              |       |       |       |     1 ||     1
  Use: Scroll            |       |     3 |     1 |     6 ||    10
       Potion            |       |       |     3 |     4 ||     7
 Stab: Sleeping          |     1 |       |     1 |     3 ||     5
Armor: Chain mail        |    58 |     6 |       |       ||    64
       Acid dragon scale |       |    43 |   143 |   102 ||   288
Dodge: Dodged            |    36 |   106 |   204 |   217 ||   563
Block: Buckler           |     5 |    39 |    71 |    78 ||   193

Levels and vault maps discovered:
D:1:      dpeg_arrival_short_road, layout_loops_ring
D:2:      layout_rooms, serial_shops, shop
D:3:      layout_rooms, ebering_ghost_reflecting_pool, serial_shops, shop,
          nicolae_diamond_shop, nicolae_shop_bloodbath_and_beyond
D:4:      layout_loops_ring, due_unseen_surprise, uniq_blork_the_orc,
          uniq_crazy_yiuf_cottage, uniq_sigmund
D:5:      layout_basic, kennysheep_mini
D:6:      layout_basic, nicolae_ru_sacrificial_ziggurat, temple_green,
          serial_bayou_pond_d, chequers_mini_garden, minmay_holes,
          uniq_eustachio
D:7:      layout_basic, kb_rosetta, uniq_prince_ribbit1
D:8:      cheibrodos_fertilizer, layout_basic, serial_aquarium,
          aquarium_bridge_square [aquarium_subvault_balcony,
          aquarium_subvault_bridge, aquarium_subvault_wall,
          aquarium_subvault_wall], aquarium_bridge_square
          [aquarium_subvault_balcony, aquarium_subvault_balcony,
          aquarium_subvault_bridge, aquarium_subvault_bridge],
          aquarium_window_fake, aquarium_window_1, aquarium_view_2b,
          aquarium_view_2c, aquarium_pool_S, serial_shops,
          nicolae_shop_competitors_out_of_business
D:9:      layout_long_grid, erik_lair_orcish_takeover, nzn_sisyphean_effort
Lair:1:   layout_cave_pods, lemuel_fruit_fields
Lair:2:   layout_regular_city
Lair:3:   layout_gridlike, gammafunk_ghost_cemetery,
          portal_ice_cave_demonic_guard, gauntlet_entry_generic,
          grunt_megastairs_2, uniq_amaemon
Gauntlet: gammafunk_gauntlet_77_escape_option [minmay_gauntlet_arena_77_mess,
          minmay_gauntlet_arena_77_p_blocks, minmay_gauntlet_arena_77_path,
          minmay_gauntlet_arena_77_box, minmay_gauntlet_arena_77_braids,
          gauntlet_exit_green]

Notes
Turn   | Place    | Note
-------+----------+-------------------------------------------
     0 | D:1      | spaghetti the Gnoll Berserker began the quest for the Orb.
     0 | D:1      | Reached XP level 1. HP: 23/23 MP: 1/1
     0 | D:1      | magus.rc [v1.9.6]
   173 | D:1      | Reached XP level 2. HP: 29/29 MP: 2/2
   305 | D:1      | You add the spells Gell's Gravitas, Teleport Other and
                  | Dispersal to your library.
   386 | D:1      | You add the spells Sting, Poisonous Vapours and Olgreb's
                  | Toxic Radiance to your library.
   573 | D:1      | Reached XP level 3. HP: 35/35 MP: 3/3
   707 | D:2      | Reached ** piety under Trog
   732 | D:2      | Reached skill level 1 in Invocations
   859 | D:2      | Reached skill level 1 in Short Blades
   859 | D:2      | Reached skill level 1 in Long Blades
   859 | D:2      | Reached skill level 1 in Axes
   859 | D:2      | Reached skill level 1 in Polearms
   859 | D:2      | Reached skill level 1 in Staves
   859 | D:2      | Reached skill level 1 in Slings
   859 | D:2      | Reached skill level 1 in Bows
   859 | D:2      | Reached skill level 1 in Crossbows
   859 | D:2      | Reached skill level 1 in Throwing
   859 | D:2      | Reached skill level 1 in Stealth
   859 | D:2      | Reached skill level 1 in Shields
   859 | D:2      | Reached skill level 1 in Unarmed Combat
   859 | D:2      | Reached skill level 1 in Spellcasting
   859 | D:2      | Reached skill level 1 in Evocations
   919 | D:2      | Reached XP level 4. HP: 41/41 MP: 5/5
  1045 | D:2      | Found Avafuim's Antique Armour Boutique.
  1307 | D:2      | Reached skill level 1 in Conjurations
  1307 | D:2      | Reached skill level 1 in Hexes
  1307 | D:2      | Reached skill level 1 in Summonings
  1307 | D:2      | Reached skill level 1 in Necromancy
  1307 | D:2      | Reached skill level 1 in Translocations
  1307 | D:2      | Reached skill level 1 in Transmutations
  1307 | D:2      | Reached skill level 1 in Fire Magic
  1307 | D:2      | Reached skill level 1 in Ice Magic
  1307 | D:2      | Reached skill level 1 in Air Magic
  1307 | D:2      | Reached skill level 1 in Earth Magic
  1307 | D:2      | Reached skill level 1 in Poison Magic
  1429 | D:3      | Found Ifroolal's Magic Scroll Shop.
  1434 | D:3      | Bought a scroll of identify for 20 gold pieces
  1631 | D:3      | Found a runed translucent door.
  1648 | D:3      | Noticed Psyclone's ghost (weakling OpIE)
  1709 | D:3      | Reached XP level 5. HP: 43/47 MP: 6/6
  1730 | D:3      | Found Okaoh's Weapon Boutique.
  1760 | D:3      | Killed Psyclone's ghost
  1859 | D:3      | You fall into a shaft and drop 3 floors!
  1860 | D:6      | Found a sacrificial altar of Ru.
  1941 | D:5      | Entered Level 5 of the Dungeon
  1944 | D:5      | Noticed a kobold brigand
  1957 | D:6      | Reached *** piety under Trog
  1979 | D:5      | Noticed an ogre
  1986 | D:6      | Killed a kobold brigand
  1987 | D:6      | Reached skill level 2 in Invocations
  1987 | D:6      | Reached XP level 6. HP: 53/53 MP: 8/8
  2073 | D:5      | Reached skill level 2 in Short Blades
  2073 | D:5      | Reached skill level 2 in Long Blades
  2073 | D:5      | Reached skill level 2 in Axes
  2073 | D:5      | Reached skill level 2 in Polearms
  2073 | D:5      | Reached skill level 2 in Staves
  2073 | D:5      | Reached skill level 2 in Slings
  2073 | D:5      | Reached skill level 2 in Bows
  2073 | D:5      | Reached skill level 2 in Crossbows
  2073 | D:5      | Reached skill level 2 in Throwing
  2073 | D:5      | Reached skill level 5 in Armour
  2073 | D:5      | Reached skill level 5 in Dodging
  2073 | D:5      | Reached skill level 2 in Stealth
  2073 | D:5      | Reached skill level 2 in Shields
  2073 | D:5      | Reached skill level 2 in Unarmed Combat
  2073 | D:5      | Reached skill level 2 in Spellcasting
  2073 | D:5      | Reached skill level 2 in Evocations
  2180 | D:5      | Found a snail-covered altar of Cheibriados.
  2353 | D:5      | You pick up a book of Minor Magic {forbidden} and begin
                  | reading...
  2353 | D:5      | You add the spells Magic Dart, Call Imp and Mephitic Cloud
                  | to your library.
  2425 | D:5      | Noticed a water moccasin
  2427 | D:5      | Reached XP level 7. HP: 59/59 MP: 10/10
  2438 | D:5      | Reached skill level 7 in Fighting
  2438 | D:5      | Reached skill level 7 in Maces & Flails
  2438 | D:5      | Reached skill level 2 in Conjurations
  2438 | D:5      | Reached skill level 2 in Hexes
  2438 | D:5      | Reached skill level 2 in Summonings
  2438 | D:5      | Reached skill level 2 in Necromancy
  2438 | D:5      | Reached skill level 2 in Translocations
  2438 | D:5      | Reached skill level 2 in Transmutations
  2438 | D:5      | Reached skill level 2 in Fire Magic
  2438 | D:5      | Reached skill level 2 in Ice Magic
  2438 | D:5      | Reached skill level 2 in Air Magic
  2438 | D:5      | Reached skill level 2 in Earth Magic
  2438 | D:5      | Reached skill level 2 in Poison Magic
  2984 | D:5      | Reached skill level 3 in Invocations
  3456 | D:5      | You pick up a book of Beasts {forbidden} and begin
                  | reading...
  3456 | D:5      | You add the spells Summon Ice Beast, Summon Mana Viper and
                  | Monstrous Menagerie to your library.
  3616 | D:4      | Reached XP level 8. HP: 64/67 MP: 12/12
  3836 | D:4      | You add the spells Ozocubu's Armour and Ozocubu's
                  | Refrigeration to your library.
  4073 | D:3      | Reached skill level 3 in Short Blades
  4073 | D:3      | Reached skill level 3 in Long Blades
  4073 | D:3      | Reached skill level 3 in Axes
  4073 | D:3      | Reached skill level 3 in Polearms
  4073 | D:3      | Reached skill level 3 in Staves
  4073 | D:3      | Reached skill level 3 in Slings
  4073 | D:3      | Reached skill level 3 in Bows
  4073 | D:3      | Reached skill level 3 in Crossbows
  4073 | D:3      | Reached skill level 3 in Throwing
  4073 | D:3      | Reached skill level 3 in Stealth
  4073 | D:3      | Reached skill level 3 in Shields
  4073 | D:3      | Reached skill level 3 in Unarmed Combat
  4073 | D:3      | Reached skill level 3 in Spellcasting
  4073 | D:3      | Reached skill level 3 in Evocations
  4100 | D:3      | Found Sapoing's Weapon Emporium.
  4271 | D:4      | Identified the +7 mace of Dirauss {drain, Str+5}
  4280 | D:4      | Found a runed translucent door.
  4281 | D:4      | Noticed Crazy Yiuf
  4373 | D:4      | Noticed Blork the orc
  4377 | D:4      | Killed Blork the orc
  4418 | D:4      | Noticed Sigmund
  4432 | D:4      | Killed Sigmund
  4706 | D:4      | Killed Crazy Yiuf
  4785 | D:2      | Bought a slimy helmet for 256 gold pieces
  4785 | D:2      | Identified the +0 helmet of the Land of Plenty {rC+} (You
                  | bought it in a shop on level 2 of the Dungeon)
  5219 | D:6      | You pick up a book of Maledictions {forbidden} and begin
                  | reading...
  5219 | D:6      | You add the spells Tukima's Dance, Anguish and Enfeeble to
                  | your library.
  5263 | D:6      | Found a staircase to the Ecumenical Temple.
  5327 | D:6      | Reached skill level 4 in Invocations
  5388 | D:6      | Noticed Eustachio
  5414 | D:6      | Killed Eustachio
  5415 | D:6      | Reached skill level 6 in Armour
  5415 | D:6      | Reached skill level 6 in Dodging
  5415 | D:6      | Reached skill level 3 in Conjurations
  5415 | D:6      | Reached skill level 3 in Hexes
  5415 | D:6      | Reached skill level 3 in Summonings
  5415 | D:6      | Reached skill level 3 in Necromancy
  5415 | D:6      | Reached skill level 3 in Translocations
  5415 | D:6      | Reached skill level 3 in Transmutations
  5415 | D:6      | Reached skill level 3 in Fire Magic
  5415 | D:6      | Reached skill level 3 in Ice Magic
  5415 | D:6      | Reached skill level 3 in Air Magic
  5415 | D:6      | Reached skill level 3 in Earth Magic
  5415 | D:6      | Reached skill level 3 in Poison Magic
  5756 | D:7      | Reached XP level 9. HP: 72/72 MP: 14/14
  5816 | D:7      | Reached skill level 4 in Short Blades
  5816 | D:7      | Reached skill level 4 in Long Blades
  5816 | D:7      | Reached skill level 4 in Axes
  5816 | D:7      | Reached skill level 4 in Polearms
  5816 | D:7      | Reached skill level 4 in Staves
  5816 | D:7      | Reached skill level 4 in Slings
  5816 | D:7      | Reached skill level 4 in Bows
  5816 | D:7      | Reached skill level 4 in Crossbows
  5816 | D:7      | Reached skill level 4 in Throwing
  5816 | D:7      | Reached skill level 4 in Stealth
  5816 | D:7      | Reached skill level 4 in Shields
  5816 | D:7      | Reached skill level 4 in Unarmed Combat
  5816 | D:7      | Reached skill level 4 in Spellcasting
  5816 | D:7      | Reached skill level 4 in Evocations
  6096 | D:7      | Noticed Prince Ribbit
  6111 | D:7      | HP: 12/73 [Prince Ribbit (9)]
  6115 | D:7      | Killed Prince Ribbit
  6299 | D:7      | Reached skill level 8 in Fighting
  6299 | D:7      | Reached skill level 8 in Maces & Flails
  6512 | D:7      | Noticed a boulder beetle
  6541 | D:7      | Killed a boulder beetle
  6542 | D:7      | Reached skill level 4 in Conjurations
  6542 | D:7      | Reached skill level 4 in Hexes
  6542 | D:7      | Reached skill level 4 in Summonings
  6542 | D:7      | Reached skill level 4 in Necromancy
  6542 | D:7      | Reached skill level 4 in Translocations
  6542 | D:7      | Reached skill level 4 in Transmutations
  6542 | D:7      | Reached skill level 4 in Fire Magic
  6542 | D:7      | Reached skill level 4 in Ice Magic
  6542 | D:7      | Reached skill level 4 in Air Magic
  6542 | D:7      | Reached skill level 4 in Earth Magic
  6542 | D:7      | Reached skill level 4 in Poison Magic
  6542 | D:7      | Reached skill level 5 in Invocations
  6542 | D:7      | Reached XP level 10. HP: 80/80 MP: 15/17
  6618 | D:7      | Noticed a four-headed hydra
  6628 | D:7      | Killed a four-headed hydra
  6629 | D:7      | Reached skill level 5 in Short Blades
  6629 | D:7      | Reached skill level 5 in Long Blades
  6629 | D:7      | Reached skill level 5 in Axes
  6629 | D:7      | Reached skill level 5 in Polearms
  6629 | D:7      | Reached skill level 5 in Staves
  6629 | D:7      | Reached skill level 5 in Slings
  6629 | D:7      | Reached skill level 5 in Bows
  6629 | D:7      | Reached skill level 5 in Crossbows
  6629 | D:7      | Reached skill level 5 in Throwing
  6629 | D:7      | Reached skill level 5 in Stealth
  6629 | D:7      | Reached skill level 5 in Shields
  6629 | D:7      | Reached skill level 5 in Unarmed Combat
  6629 | D:7      | Reached skill level 5 in Spellcasting
  6629 | D:7      | Reached skill level 5 in Evocations
  6766 | D:7      | Killed an unseen horror
  6767 | D:7      | Reached skill level 7 in Armour
  6767 | D:7      | Reached skill level 7 in Dodging
  7423 | D:8      | Identified the +10 short sword of Amortisation {vorpal,
                  | rPois rN+ Will+}
  8204 | D:8      | Reached skill level 6 in Invocations
  8538 | D:8      | Found Luah's Antique Armour Shoppe.
  9127 | D:9      | Noticed a deep elf pyromancer
  9138 | D:9      | Killed a deep elf pyromancer
  9231 | D:9      | Noticed a boulder beetle
  9257 | D:9      | HP: 30/123 [boulder beetle (2)]
  9262 | D:9      | HP: 28/123 [boulder beetle (3)]
  9263 | D:9      | Killed a boulder beetle
  9264 | D:9      | Reached XP level 11. HP: 30/87 MP: 19/19
  9605 | D:9      | Reached skill level 9 in Fighting
  9605 | D:9      | Reached skill level 6 in Short Blades
  9605 | D:9      | Reached skill level 6 in Long Blades
  9605 | D:9      | Reached skill level 6 in Axes
  9605 | D:9      | Reached skill level 9 in Maces & Flails
  9605 | D:9      | Reached skill level 6 in Polearms
  9605 | D:9      | Reached skill level 6 in Staves
  9605 | D:9      | Reached skill level 6 in Slings
  9605 | D:9      | Reached skill level 6 in Bows
  9605 | D:9      | Reached skill level 6 in Crossbows
  9605 | D:9      | Reached skill level 6 in Throwing
  9605 | D:9      | Reached skill level 6 in Stealth
  9605 | D:9      | Reached skill level 6 in Shields
  9605 | D:9      | Reached skill level 6 in Unarmed Combat
  9605 | D:9      | Reached skill level 6 in Spellcasting
  9605 | D:9      | Reached skill level 6 in Evocations
  9788 | D:9      | Reached skill level 5 in Conjurations
  9788 | D:9      | Reached skill level 5 in Hexes
  9788 | D:9      | Reached skill level 5 in Summonings
  9788 | D:9      | Reached skill level 5 in Necromancy
  9788 | D:9      | Reached skill level 5 in Translocations
  9788 | D:9      | Reached skill level 5 in Transmutations
  9788 | D:9      | Reached skill level 5 in Fire Magic
  9788 | D:9      | Reached skill level 5 in Ice Magic
  9788 | D:9      | Reached skill level 5 in Air Magic
  9788 | D:9      | Reached skill level 5 in Earth Magic
  9788 | D:9      | Reached skill level 5 in Poison Magic
  9819 | D:9      | Found a staircase to the Lair.
  9873 | D:9      | Noticed a two-headed ogre
  9882 | D:9      | HP: 33/133 [two-headed ogre/+0 giant spiked club (21)]
  9883 | D:9      | Killed a two-headed ogre
 10353 | D:9      | You pick up a book of Winter {forbidden} and begin
                  | reading...
 10353 | D:9      | You add the spells Metabolic Englaciation and Simulacrum to
                  | your library.
 10537 | Lair:1   | Entered Level 1 of the Lair of Beasts
 10732 | Lair:1   | Reached skill level 7 in Invocations
 10739 | Lair:1   | Reached **** piety under Trog
 11009 | Lair:1   | Reached skill level 8 in Armour
 11009 | Lair:1   | Reached skill level 8 in Dodging
 12167 | Lair:2   | Noticed a boulder beetle
 12188 | Lair:2   | Killed a boulder beetle
 12535 | Lair:2   | Reached XP level 12. HP: 96/96 MP: 22/22
 12768 | Lair:2   | Noticed a five-headed hydra
 12779 | Lair:2   | Killed a five-headed hydra
 12780 | Lair:2   | Reached skill level 7 in Short Blades
 12780 | Lair:2   | Reached skill level 7 in Long Blades
 12780 | Lair:2   | Reached skill level 7 in Axes
 12780 | Lair:2   | Reached skill level 7 in Polearms
 12780 | Lair:2   | Reached skill level 7 in Staves
 12780 | Lair:2   | Reached skill level 7 in Slings
 12780 | Lair:2   | Reached skill level 7 in Bows
 12780 | Lair:2   | Reached skill level 7 in Crossbows
 12780 | Lair:2   | Reached skill level 7 in Throwing
 12780 | Lair:2   | Reached skill level 7 in Stealth
 12780 | Lair:2   | Reached skill level 7 in Shields
 12780 | Lair:2   | Reached skill level 7 in Unarmed Combat
 12780 | Lair:2   | Reached skill level 7 in Spellcasting
 12780 | Lair:2   | Reached skill level 7 in Evocations
 13331 | Lair:3   | Noticed Amaemon
 13331 | Lair:3   | Found a gate leading to a gauntlet.
 13341 | Lair:3   | Killed Amaemon
 13403 | Lair:3   | Reached skill level 6 in Translocations
 13408 | Lair:3   | Reached skill level 6 in Conjurations
 13408 | Lair:3   | Reached skill level 6 in Hexes
 13408 | Lair:3   | Reached skill level 6 in Summonings
 13408 | Lair:3   | Reached skill level 6 in Necromancy
 13408 | Lair:3   | Reached skill level 6 in Transmutations
 13408 | Lair:3   | Reached skill level 6 in Fire Magic
 13408 | Lair:3   | Reached skill level 6 in Ice Magic
 13408 | Lair:3   | Reached skill level 6 in Air Magic
 13408 | Lair:3   | Reached skill level 6 in Earth Magic
 13408 | Lair:3   | Reached skill level 6 in Poison Magic
 13478 | Gauntlet | Entered a Gauntlet
 13478 | Gauntlet | Found a transporter.
 13559 | Gauntlet | Found a transporter.
 13569 | Gauntlet | Reached skill level 8 in Invocations
 13647 | Gauntlet | Found a transporter.
 13647 | Gauntlet | Found a transporter.
 13663 | Gauntlet | Found a transporter.
 13663 | Gauntlet | Found a runed translucent door.
 13697 | Gauntlet | Identified the +8 trident of Imuoxip {freeze, Str+4}
 13697 | Gauntlet | Noticed a minotaur
 13709 | Gauntlet | HP: 34/145 [minotaur/the +8 trident of Imuoxip {freeze,
                  | Str+4} (13)]
 13711 | Gauntlet | HP: 10/145 [minotaur/the +8 trident of Imuoxip {freeze,
                  | Str+4} (14)]
 13717 | Gauntlet | HP: 12/97 [minotaur/silver javelin (23)]
 13723 | Gauntlet | HP: 17/97 [minotaur/the +8 trident of Imuoxip {freeze,
                  | Str+4} (28)]
 13723 | Gauntlet | HP: 3/97 [minotaur/the +8 trident of Imuoxip {freeze,
                  | Str+4} (14)]
 13723 | Gauntlet | HP: 1/97 [minotaur/the +8 trident of Imuoxip {freeze,
                  | Str+4} (2)]
 13723 | Gauntlet | Slain by a minotaur

Vanquished Creatures
  3 boulder beetles
  2 hydras
  A two-headed ogre (D:9)
  Amaemon (Lair:3)
  A deep elf pyromancer (D:9)
  An orange demon (Lair:3)
  An unseen horror (D:7)
  4 cane toads
  3 komodo dragons
  A troll (D:9)
  Prince Ribbit (D:7)
  3 slime creatures
  Sigmund (D:4)
  2 wraiths (D:9)
  2 wyverns
  Eustachio (D:6)
  3 basilisks (Lair:2)
  17 yaks
  3 wargs (D:9)
  3 water moccasins
  A sky beast (D:7)
  A black bear (Lair:1)
  3 ice beasts
  2 ogres (D:5)
  10 wolves (Lair:1)
  2 centaurs (D:7)
  2 phantoms
  4 kobold brigands
  Blork the orc (D:4)
  5 bullfrogs
  3 necrophages
  A scorpion (D:7)
  18 wights
  4 killer bees (D:9)
  The ghost of Psyclone the Chiller, a weakling OpIE (D:3)
  3 orc priests
  6 jellies
  Crazy Yiuf (D:4)
  6 orc wizards
  6 gnolls (D:6)
  13 adders
  A white imp (D:5)
  An ufetubus (D:5)
  5 worms
  A dart slug (D:3)
  17 orcs
  12 endoplasms
  4 giant cockroaches
  10 hobgoblins
  8 jackals
  7 quokkas
  6 ball pythons
  5 bats
  2 frilled lizards (D:2)
  7 goblins
  24 kobolds
  8 rats
265 creatures vanquished.

Vanquished Creatures (others)
  6 fungi
  2 plants (Lair:3)
  9 toadstools (D:8)
17 creatures vanquished.

Grand Total: 282 creatures vanquished

Table legend:
 A = Non-vault XP
 B = Vault XP
 C = Vault XP percentage of total XP
 D = Non-vault monster count
 E = Vault monster count
 F = Vault count percentage of total count
                 A         B        C        D         E       F
            +---------+---------+-------+---------+---------+-------
      Total |   17376 |    7126 |  29.1 |     225 |      40 |  15.1
            +---------+---------+-------+---------+---------+-------
        D:1 |      37 |       0 |   0.0 |      23 |       0 |   0.0
        D:2 |      92 |       0 |   0.0 |      22 |       0 |   0.0
        D:3 |      69 |      49 |  41.5 |      17 |       1 |   5.6
        D:4 |     122 |     347 |  74.0 |      17 |       3 |  15.0
        D:5 |     848 |       0 |   0.0 |      28 |       0 |   0.0
        D:6 |     568 |     202 |  26.2 |      17 |       1 |   5.6
        D:7 |    1609 |    2398 |  59.8 |      24 |       4 |  14.3
        D:8 |    1003 |     596 |  37.3 |      22 |      17 |  43.6
        D:9 |    3238 |    1415 |  30.4 |      14 |       7 |  33.3
     Lair:1 |    2815 |       0 |   0.0 |      15 |       0 |   0.0
     Lair:2 |    5706 |       0 |   0.0 |      20 |       0 |   0.0
     Lair:3 |    1269 |    1189 |  48.4 |       6 |       2 |  25.0
   Gauntlet |       0 |     930 | 100.0 |       0 |       5 | 100.0
            +---------+---------+-------+---------+---------+-------

Illustrated notes

Table legend:
 A = Kills in this place as a percentage of kills in entire the game.
 B = Kills by you in this place as a percentage of kills by you in the entire game.
 C = Kills by friends in this place as a percentage of kills by friends in the entire game.
 D = Other kills in this place as a percentage of other kills in the entire game.
 E = Experience gained in this place as a percentage of experience gained in the entire game.
 F = Experience gained in this place divided by the number of levels of this place that you have seen.
                   A       B       C       D       E      F
               +-------+-------+-------+-------+-------+----------------------
         Total | 100.0 | 100.0 |   N/A |   N/A | 100.0 | 1884.8
       Dungeon |  81.9 |  81.9 |   N/A |   N/A |  51.4 | 1399.2
          Lair |  16.2 |  16.2 |   N/A |   N/A |  44.8 | 3659.7
      Gauntlet |   1.9 |   1.9 |   N/A |   N/A |   3.8 | 930.0
               +-------+-------+-------+-------+-------+----------------------

Table legend: (Time is in decaauts)
 A = Elapsed time spent in this place.
 B = Non-inter-level travel time spent in this place.
 C = Inter-level travel time spent in this place.
 D = Time resting spent in this place.
 E = Time spent auto-exploring this place.
 F = Levels seen in this place.
 G = Mean time per level.
                   A        B        C        D        E       F      G
               +--------+--------+--------+--------+--------+-----+--------+
         Total |  13924 |  13344 |    580 |   1197 |   9944 |  13 | 1071.1 |
       Dungeon |  10759 |  10251 |    508 |    593 |   7843 |   9 | 1195.4 |
          Lair |   2915 |   2843 |     72 |    526 |   1978 |   3 |  971.7 |
      Gauntlet |    250 |    250 |      0 |     78 |    123 |   1 |  250.0 |
               +--------+--------+--------+--------+--------+-----+--------+

Top non-repeatable levels by time:
     D:7: 1789 daAuts
     D:9: 1711 daAuts
     D:5: 1587 daAuts
  Lair:2: 1409 daAuts
     D:8: 1392 daAuts
  Lair:1: 1359 daAuts
     D:6: 1084 daAuts
     D:4: 1028 daAuts
     D:2: 772 daAuts
     D:1: 724 daAuts
     D:3: 668 daAuts
Gauntlet: 250 daAuts
  Lair:3: 147 daAuts
